AoeStats
← audi

Arena

508074796Analyzed
3v3 RM · 11d ago on Sep 20, 2026· 47m 6s· 6 players
Game mode
Random Map
Map size
Normal (6 player)
Population
200
Speed
Normal
Resources
Standard
Victory
Conquest
Starting age
Dark Age
Ending age
Imperial Age
RankedLock teamsTeams togetherTeam positionsShared explorationLock speedFull tech treeHidden civsTurbo modeCheats
Victory
Defeat
🇩🇪 Georgians · Germany
1181
+15
🇩🇪 Wei · Germany
1160
+16
🇩🇪 Romans · Germany
1093
+19
🇹🇷 Celts · Türkiye
1178
-17
🇹🇷 Ethiopians · Türkiye
1162
-17
🇹🇷 Teutons · Türkiye
1141
-16
JeyAy
10:01 Feudal Age
10:27 Double-Bit Axe
10:41 Horse Collar
10:25 Man-at-Arms
19:03 Castle Age
16:59 Gold Mining
17:30 Loom
18:46 Scale Mail Armor
20:36 Squires
21:45 Chain Mail Armor
22:16 Long Swordsman
25:36 Wheelbarrow
32:41 Forging
35:35 Iron Casting
38:27 Fletching
45:35 Caravan
49:10 Imperial Age
46:56 Hand Cart
46:27 Town Watch
47:24 Heavy Plow
47:50 Ballistics
Napoleon
10:31 Feudal Age
15:06 Castle Age
13:24 Horse Collar
13:33 Double-Bit Axe
16:49 Fletching
23:38 Loom
24:40 Bodkin Arrow
24:57 Bloodlines
26:27 Husbandry
28:37 Scale Mail Armor
28:40 Padded Archer Armor
30:13 Wheelbarrow
30:16 Leather Archer Armor
29:29 Light Cavalry
31:01 Bow Saw
30:55 Heavy Plow
31:06 Scale Barding Armor
31:44 Hand Cart
32:04 Ballistics
35:07 Chain Barding Armor
35:57 Town Watch
39:29 Imperial Age
37:00 Treadmill Crane
38:52 Gold Mining
39:17 Masonry
39:37 Svan Towers
40:15 Bracer
41:17 Chemistry
40:51 Parthian Tactics
41:24 Heavy Cavalry Archer
42:46 Siege Engineers
43:27 Plate Barding Armor
42:43 Hussar
45:25 Conscription
46:30 Guard Tower
JJ23
11:07 Feudal Age
14:51 Castle Age
13:04 Double-Bit Axe
13:40 Horse Collar
14:26 Gold Mining
14:51 Stone Mining
17:47 Bow Saw
17:44 Loom
24:25 Husbandry
24:54 Bloodlines
26:10 Scale Barding Armor
27:08 Heavy Plow
27:46 Wheelbarrow
31:29 Imperial Age
30:25 Chain Barding Armor
30:16 Forging
31:38 Gold Shaft Mining
31:37 Elite Tiger Cavalry
33:38 Iron Casting
34:23 Conscription
39:11 Blast Furnace
45:30 Ming Guang Armor
Janissaryyy
1:27 Loom
11:18 Feudal Age
16:41 Castle Age
14:55 Horse Collar
15:38 Double-Bit Axe
16:06 Town Watch
17:48 Bow Saw
17:40 Heavy Plow
19:10 Wheelbarrow
19:39 Gold Mining
28:06 Stone Mining
30:01 Treadmill Crane
33:08 Gold Shaft Mining
33:24 Forging
33:50 Scale Mail Armor
34:16 Hand Cart
33:51 Pikeman
34:16 Arson
36:00 Ballistics
35:37 Gambesons
38:27 Imperial Age
37:16 Chain Mail Armor
37:39 Iron Casting
37:45 Fortified Wall
37:19 Man-at-Arms
38:52 Town Patrol
39:30 Conscription
38:32 Long Swordsman
38:33 Halberdier
40:34 Hoardings
41:00 Capped Ram
42:50 Blast Furnace
42:20 Plate Mail Armor
41:57 Siege Engineers
41:41 Arrowslits
43:33 Elite Woad Raider
Timber
11:04 Feudal Age
15:26 Castle Age
14:15 Double-Bit Axe
16:33 Bow Saw
16:05 Crossbowman
17:12 Fletching
17:51 Gold Mining
22:05 Bodkin Arrow
27:51 Padded Archer Armor
28:17 Loom
30:28 Leather Archer Armor
30:44 Stone Mining
36:50 Scale Mail Armor
37:18 Squires
audi
4:39 Loom
11:21 Feudal Age
11:54 Double-Bit Axe
18:03 Castle Age
16:16 Horse Collar
18:36 Wheelbarrow
19:53 Bow Saw
19:50 Heavy Plow
21:56 Hand Cart
23:51 Town Watch
26:05 Fletching
26:16 Padded Archer Armor
26:27 Forging
26:24 Scale Barding Armor
26:17 Gold Mining
26:37 Scale Mail Armor
27:25 Bodkin Arrow
27:46 Leather Archer Armor
27:07 Elite Skirmisher
30:49 Iron Casting
30:15 Scale Mail Armor
31:05 Stone Mining
31:29 Town Patrol
32:03 Chain Barding Armor
39:47 Imperial Age
37:57 Chain Mail Armor
41:05 Hoardings
41:47 Ring Archer Armor
41:59 Masonry
44:14 Two-Man Saw
43:46 Plate Mail Armor
45:02 Plate Barding Armor
44:36 Siege Engineers
45:33 Chemistry
Connection lost

Rejoining the realm…

Still unreachable

The connection could not be restored.

Session expired

The server has moved on; the page needs a fresh start.